 Dungeon Crawl Stone Soup version 0.18-a0-1685-g4482fe3 (webtiles) character file.

236954 Chiseanne the Cleaver (level 18, -2/147 HPs)
             Began as a Demonspawn Monk on Apr 3, 2016.
             Was the Champion of Makhleb.
             Killed by the raging water
             ... invoked by a water nymph
              (30 damage)
             ... on level 4 of the Shoals on Apr 4, 2016.
             The game lasted 02:48:38 (31749 turns).

Chiseanne the Cleaver (Demonspawn Monk)            Turns: 31749, Time: 02:48:39

Health: -2/147     AC: 25    Str: 21    XL:     18   Next: 95%
Magic:  0/43       EV: 15    Int: 15    God:    Makhleb [******]
Gold:   281        SH: 22    Dex: 26    Spells: 5 memorised, 23 levels left

rFire  + + .     SeeInvis +     a - +8 broad axe "Nirod" {chop, rN+}
rCold  + . .     Gourm    .     S - +0 scale mail of Qazlal's Hatred {*Drain MR+ Regen+ Dex+2}
rNeg   + + .     Faith    .     F - +2 shield of Resistance {rF+ rC+ MR+}
rPois  +         Spirit   +     L - +2 hat of the Bear Spirit {Spirit, +Rage rN+ MR++}
rElec  +         Dismiss  .     Y - +2 cloak {rPois}
rCorr  .         Reflect  +     I - +5 pair of gloves of Distant Worlds {MR++ Str+5}
SustAt .         Harm     .     v - +2 pair of boots {run}
MR     +++++                    i - +6 amulet of reflection
Stlth  +.........               J - ring of Dezaz {rPois rF+ rC+ MP+9 SInv}
                                Q - ring "Biotisim" {rElec rPois rC- Dex+6}

@: lethally poisoned (-2 -> -3), drained, quick, almost entirely resistant to
hostile enchantments, very unstealthy
A: claws 2, hooves 2, horns 2, spiny 2, strong 1, magic shield, magic
regeneration, magic link, MP-powered wands
a: Minor Destruction, Lesser Servant of Makhleb, Major Destruction, Greater
Servant of Makhleb, Renounce Religion, Evoke Berserk Rage
}: 1/15 runes: serpentine


You were on level 4 of the Shoals.
You worshipped Makhleb.
Makhleb was exalted by your worship.
You were not hungry.

You visited 6 branches of the dungeon, and saw 36 of its levels.
You visited the Abyss 1 time.
You visited 1 bazaar.
You also visited: Labyrinth and Ice Cave.

You collected 4518 gold pieces.
You spent 4237 gold pieces at shops.

Inventory:

Hand Weapons
 a - the +8 broad axe "Nirod" (weapon) {chop, rN+}
   (You bought it in a shop on level 2 of the Orcish Mines)

   It inflicts extra damage upon your enemies.
   It protects you from negative energy.
 s - the +7 spear "Guistrus" {flame, Str+7}
   (You took it off a deep elf annihilator on level 3 of the Elven Halls)

   It has been specially enchanted to burn those struck by it, causing extra
   injury to most foes and up to half again as much damage against particularly
   susceptible opponents.
   It affects your strength (+7).
 w - a +0 blowgun
Missiles
 d - 6 curare-tipped needles
 x - 6 throwing nets (quivered)
Armour
 v - a +2 pair of boots of running (worn)
 F - the +2 shield of Resistance (worn) {rF+ rC+ MR+}
   (You took it off a deep elf annihilator on level 3 of the Elven Halls)

   It protects you from fire.
   It protects you from cold.
   It affects your resistance to hostile enchantments.
 I - the +5 pair of gloves of Distant Worlds (worn) {MR++ Str+5}
   (You found it on level 3 of the Elven Halls)

   It affects your strength (+5).
   It affects your resistance to hostile enchantments.
 L - the +2 hat of the Bear Spirit (worn) {Spirit, +Rage rN+ MR++}
   (You found it on level 10 of the Dungeon)

   It protects you from negative energy.
   It affects your resistance to hostile enchantments.
   It lets you go berserk.
 S - the +0 scale mail of Qazlal's Hatred (worn) {*Drain MR+ Regen+ Dex+2}
   (You found it on level 12 of the Dungeon)

   It affects your dexterity (+2).
   It affects your resistance to hostile enchantments.
   It increases your rate of regeneration.
   It causes draining when unequipped.
 Y - a +2 cloak of poison resistance (worn)
Jewellery
 e - an uncursed ring of flight
 i - a +6 amulet of reflection (around neck)
 J - the ring of Dezaz (right hand) {rPois rF+ rC+ MP+9 SInv}
   (You found it in an ice cave)

   [ring of poison resistance]

   It protects you from fire.
   It protects you from cold.
   It protects you from poison.
   It affects your magic capacity (+9).
   It lets you see invisible.
 Q - the ring "Biotisim" (left hand) {rElec rPois rC- Dex+6}
   (You bought it in a shop on level 2 of the Orcish Mines)

   [ring of poison resistance]

   It affects your dexterity (+6).
   It makes you vulnerable to cold.
   It insulates you from electricity.
   It protects you from poison.
Wands
 c - a wand of lightning (4/15)
 y - a wand of hasting (0/9)
 C - a wand of digging (0/24)
 H - a wand of disintegration (6/24)
Scrolls
 j - 2 scrolls of enchant armour
 o - 5 scrolls of fog
 p - 2 scrolls of magic mapping
 A - 7 scrolls of immolation
 B - 12 scrolls of remove curse
 D - 6 scrolls of fear
 G - 3 scrolls of blinking
 K - 8 scrolls of teleportation
 R - a scroll of enchant weapon
 V - 10 scrolls of identify
 X - 5 scrolls of recharging
 Z - a scroll of amnesia
Potions
 g - 4 potions of cancellation
 h - 17 potions of curing
 k - 5 potions of flight
 q - 2 potions of agility
 t - 2 potions of resistance
 u - a potion of invisibility
 z - a potion of berserk rage
 E - a potion of brilliance
 P - 2 potions of ambrosia
Books
 l - a book of Frost

   Spells                             Type                      Level
   a - Freeze                         Ice                          1
   b - Throw Frost                    Conjuration/Ice              2
   c - Ozocubu's Armour               Charms/Ice                   3
   d - Throw Icicle                   Conjuration/Ice              4
   e - Summon Ice Beast               Ice/Summoning                4
Miscellaneous
 n - a box of beasts {used: 5}
 M - a stone of tremors
 N - a sack of spiders
 O - a fan of gales
 T - a sack of spiders
 U - a phial of floods
 W - a lamp of fire
Comestibles
 b - 12 bread rations
 f - 15 meat rations
 r - a beef jerky


   Skills:
 - Level 14.5(14.2) Fighting
 - Level 14.6(14.3) Axes
 - Level 12.8(12.5) Armour
 - Level 6.2(6.0) Dodging
 - Level 1.7(1.5) Stealth
 - Level 12.1(11.8) Shields
 - Level 3.6(3.3) Unarmed Combat
 - Level 12.8(12.4) Spellcasting
   Level 11.7(11.4) Conjurations
 - Level 10.5(10.2) Necromancy
 + Level 6.9(6.6) Invocations


You had 23 spell levels left.
You knew the following spells:

 Your Spells              Type           Power        Failure   Level  Hunger
a - Animate Dead          Necr           N/A          4%          4    ###....
b - Control Undead        Necr           #####.....   4%          4    ###....
c - Cigotuvi's Embrace    Necr           #####.....   12%         5    #####..
d - Vampiric Draining     Necr           #####.....   1%          3    None
e - Regeneration          Chrm/Necr      ###.......   12%         3    None


Dungeon Overview and Level Annotations

Branches:
Dungeon (15/15)            Temple (0/1) D:7            Lair (8/8) D:9
 Shoals (4/4) Lair:3        Snake (4/4) Lair:6        Slime (0/6) Lair:6
    Orc (2/2) D:11            Elf (3/3) Orc:2        Vaults (0/5) D:14
 Depths (0/5) D:15

Altars:
Ashenzari
Elyvilon
Fedhas
Makhleb
Nemelex Xobeh
Okawaru
Pakellas
Sif Muna
Trog
Xom
Zin
The Shining One

Shops:
D:7 *   D:11 [   Orc:1 *   Orc:2 =*[(   Elf:2 *   Snake:2 !

Annotations:
Elf:2 3 runed doors


Innate Abilities, Weirdness & Mutations

You have very sharp fingernails.
You have hoof-like feet.
You have a pair of horns on your head.
You are mostly covered in sharp spines.
When hurt, damage is shared between your health and your magic reserves.
You regenerate magic rapidly.
When low on magic, you restore magic in place of health.
Your muscles are strong. (Str +2)
You expend magic power (3 MP) to strengthen your wands.


Message History

You partially resist.
You feel drained. 2 tentacles come into view.
Casting: Vampiric Draining
Confirm with . or Enter, or press ? or * to list all spells.
Aiming: Vampiric Draining
Press: ? - help, Shift-Dir - straight line, f - water nymph, p - merfolk impaler
Aim: a water nymph (lightly wounded)
The water nymph is moderately wounded.
You feel life coursing into your body.
You feel sick. You block the merfolk impaler's attack.
You block the merfolk's attack. The tentacle is struck by your spines.
The tentacle slaps you!
The water nymph points at you and mumbles some strange words.
The water swirls and strikes you!
* * * LOW HITPOINT WARNING * * *
The merfolk impaler is struck by your spines.
The merfolk impaler hits you with a trident of venom!
* * * LOW HITPOINT WARNING * * *
The water nymph points at you and mumbles some strange words.
The water swirls and strikes you!
You die...

≈...........###.P≈≈≈≈≈≈≈≈≈≈≈≈.
.........<### ##.≈≈≈≈≈≈≈≈...≈.
.......###### .P..P≈≈≈≈≈≈....
......##E≈≈≈≈##...P≈≈≈≈≈≈....
###### #.≈..≈##...≈PP≈≈≈≈... ≈
E)≈≈..≈#....P≈≈≈≈≈... ≈.
#w#Λ.#P...P≈≈
≈.≈##wXmw#....[≈≈
≈.≈≈≈≈m#@#(..≈≈≈≈
.#≈mmmm#..≈≈≈≈≈
≈≈.?#mm#≈≈≈≈≈≈≈≈
#≈≈≈≈≈#≈≈≈%≈≈≈≈≈
######(≈≈≈≈≈≈≈≈≈
≈≈≈≈≈≈≈≈≈≈≈≈≈≈≈
≈≈≈≈≈≈≈≈≈≈≈≈≈≈≈
≈≈≈m≈≈≈≈≈≈≈≈≈≈≈≈
≈≈≈≈≈≈≈≈≈≈≈≈≈≈≈≈


You could see a kraken, 2 merfolk impalers, 2 merfolk javelineers, a merfolk, 3
tentacles, a water elemental (wandering) and 2 water nymphs.

Vanquished Creatures
  2 deep elf blademasters (Elf:3)
  Frances (Snake:2)
  Gastronok (Lair:1)
  A tentacled starspawn (Abyss:2)
  9 greater nagas
  Maud (D:14)
  4 deep elf sorcerers (Elf:3)
  An orc warlord (Orc:2)
  Louise (Elf:2)
  2 deep elf elementalists (Elf:3)
  4 deep elf demonologists (Elf:3)
  7 deep elf annihilators
  A dire elephant (D:15)
  The ghost of crauler the Basher, a journeyman NaGl of Gozag (Orc:2)
  The ghost of Voda the Covert, a journeyman OpAs of Yredelemnul (IceCv)
  Snorg (Orc:1)
  A merfolk javelineer (Shoals:2)
  A minotaur (Lab)
  4 deep elf death magi (Elf:3)
  A vault guard (D:14)
  2 deep elf high priests (Elf:3)
  9 naga warriors
  2 ice dragons (IceCv)
  5 hydras
  15 anacondas
  A tengu warrior (D:11)
  A merfolk aquamancer (Shoals:4)
  An ogre mage (D:15)
  3 death yaks (Lair:5)
  A thrashing horror (Abyss:2)
  12 dancing weapons
  5 shock serpents
  Sonja (Lair:2)
  6 naga sharpshooters
  Urug (D:13)
  5 orc high priests
  A fire crab (Lair:8)
  4 deep elf knights
  2 skeletal warriors (D:15)
  A wretched star (Abyss:2)
  3 salamander mystics
  6 sea snakes
  3 deep elf archers (Elf:1)
  7 naga ritualists
  3 hill giants
  Pikel (D:4)
  4 harpies (Shoals:1)
  A wolf spider (D:15)
  7 mana vipers
  A lindwurm (Lair:5)
  2 orc knights (Orc:2)
  4 orc sorcerers
  6 cyclopes
  41 deep elf magi
  An oklob plant (Shoals:3)
  An ugly thing (D:12)
  6 manticores
  6 fauns
  16 elephants
  6 griffons
  6 salamanders
  9 guardian serpents
  21 black mambas
  A siren (Shoals:1)
  5 centaur skeletons
  15 naga magi
  2 water nymphs
  An ice statue (IceCv)
  A rime drake (Lair:4)
  19 spiny frogs
  A kobold demonologist (D:13)
  10 komodo dragons
  7 merfolk
  5 trolls
  2 wind drakes
  A polar bear (Lair:3)
  3 two-headed ogres
  A boulder beetle (Lair:5)
  14 blink frogs
  10 slime creatures
  4 snapping turtles
  Sigmund (D:2)
  A centaur simulacrum (D:15)
  2 shadows
  3 vampires
  47 yaks
  A flying skull (Abyss:2)
  3 air elementals (Elf:1)
  2 redbacks (Lab)
  5 water elementals
  3 wyverns
  A wraith (D:10)
  A yak (shapeshifter) (Elf:3)
  3 fire bats (Lair:6)
  6 vampire mosquitoes (Lair:8)
  4 basilisks
  15 hippogriffs
  5 hungry ghosts
  A steam dragon (D:12)
  2 fire elementals (Elf:1)
  A mottled dragon (D:15)
  8 swamp worms
  3 wargs (Orc:1)
  37 nagas
  A soldier ant (D:13)
  15 water moccasins
  27 orc warriors
  18 ice beasts
  11 porcupines
  A necrophage (D:9)
  5 sky beasts
  A black bear (D:6)
  4 phantoms
  5 wolves (Lair:7)
  2 eyes of draining
  15 ogres
  10 centaurs
  15 crocodiles
  A big kobold (D:10)
  31 giant frogs
  4 earth elementals
  A wyvern zombie (D:10)
  8 scorpions
  14 killer bees
  4 wights (D:15)
  An electric eel (Lair:8)
  6 starcursed masses (Abyss:2)
  A quasit (D:6)
  9 crimson imps
  5 centaur zombies
  7 jellies
  A hound (D:7)
  25 orc priests
  29 orc wizards
  2 giant frog skeletons
  9 iguanas
  10 worker ants
  Terence (D:2)
  A killer bee zombie (D:9)
  18 sheep
  A hound zombie (D:11)
  A mummy (D:7)
  2 worker ant zombies
  16 adders
  11 gnolls
  46 river rats
  4 shadow imps
  12 white imps (D:13)
  7 oozes
  2 adder zombies
  2 adder skeletons
  15 worms
  3 giant geckos
  72 orcs
  A ball python (D:3)
  9 giant cockroaches
  2 goblins
  5 hobgoblins
  12 jackals
  7 quokkas
  5 bats
  A giant gecko skeleton (D:5)
  8 giant newts
  2 hobgoblin zombies (D:7)
  A jackal skeleton (D:7)
  12 kobolds
  A kobold zombie (D:7)
  An orc zombie (D:7)
  6 rats
  5 fungi
  5 plants
1136 creatures vanquished.

Vanquished Creatures (collateral kills)
  Nikola (Elf:1)
  2 deep elf master archers (Elf:3)
  3 greater nagas (Snake:4)
  The ghost of namelastname112 the Grappler, a journeyman DrMo of Cheibriados (D:15)
  A deep elf demonologist (Elf:3)
  2 merfolk impalers
  5 hydras
  2 naga warriors
  3 anacondas
  A death yak (Lair:5)
  2 dancing weapons
  A naga sharpshooter (Snake:4)
  A shock serpent (Snake:4)
  3 skeletal warriors (D:14)
  A naga ritualist (Snake:4)
  A sea snake (Shoals:2)
  A hill giant (D:14)
  A deep elf archer (Elf:1)
  A mana viper (Snake:2)
  2 orc knights (Orc:2)
  2 fauns (Shoals:1)
  6 deep elf magi
  A griffon (Shoals:1)
  2 manticores
  2 salamanders (Snake:2)
  A siren (Shoals:1)
  A guardian serpent (Snake:4)
  A black mamba (Snake:2)
  6 naga magi
  4 spiny frogs (Lair:8)
  A komodo dragon (Lair:5)
  2 rime drakes
  A merfolk (Shoals:1)
  A polar bear (Lair:8)
  3 giant leeches (Lair:8)
  6 blink frogs (Lair:8)
  A snapping turtle (Shoals:2)
  5 yaks
  2 fire elementals
  A hippogriff (Lair:8)
  6 vampire mosquitoes (Lair:8)
  10 nagas
  4 orc warriors
  An ogre (Orc:2)
  A centaur (D:13)
  A crocodile (Lair:8)
  5 giant frogs
  An earth elemental (Elf:1)
  An electric eel (Lair:8)
  2 orc priests (Orc:2)
  An orc wizard (Orc:2)
  3 sheep
  8 orcs
  A bush (Lair:8)
  14 fungi (Lair:8)
  8 plants (Lair:8)
151 creatures vanquished.

Vanquished Creatures (others)
  Asterion (Elf:3)
  A greater naga (Snake:4)
  A deep elf sorcerer (Elf:3)
  A deep elf elementalist (Elf:2)
  2 deep elf annihilators (Elf:3)
  A merfolk javelineer (Shoals:4)
  A deep elf high priest (Elf:3)
  A naga warrior (Snake:3)
  2 naga sharpshooters
  3 deep elf archers
  4 deep elf magi
  A vampire (D:15)
  A water moccasin (Lair:6)
  A slave (D:4)
  A boggart (D:14)
  A crocodile (Lair:6)
  A hound (D:4)
  An adder (D:4)
  6 fungi
  7 plants
  3 starspawn tentacles (Abyss:2)
  4 starspawn tentacle segments (Abyss:2)
  4 tentacles (Shoals:4)
  26 tentacle segments (Shoals:4)
75 creatures vanquished.

Grand Total: 1362 creatures vanquished

Notes
Turn   | Place    | Note
--------------------------------------------------------------
     0 | D:1      | Chiseanne the Demonspawn Monk began the quest for the Orb.
     0 | D:1      | Reached XP level 1. HP: 18/18 MP: 1/1
   179 | D:1      | Gained mutation: When hurt, damage is shared between your health and your magic reserves. [demonic ancestry]
   179 | D:1      | Reached XP level 2. HP: 24/24 MP: 2/2
  1041 | D:2      | Found an oddly glowing altar of Pakellas.
  1142 | D:2      | Noticed Sigmund
  1155 | D:2      | Killed Sigmund
  1155 | D:2      | Reached skill level 1 in Armour
  1155 | D:2      | Reached skill level 1 in Spellcasting
  1155 | D:2      | Reached XP level 3. HP: 14/30 MP: 1/5
  1155 | D:2      | Gained mutation: You are partially covered in sharp spines. [demonic ancestry]
  1155 | D:2      | Reached XP level 4. HP: 17/37 MP: 1/6
  1155 | D:2      | Gained mutation: You have a pair of small horns on your head. [demonic ancestry]
  1155 | D:2      | Reached XP level 5. HP: 20/42 MP: 1/7
  1428 | D:2      | Found a burning altar of Makhleb.
  1429 | D:2      | Found a blossoming altar of Fedhas.
  1433 | D:2      | Found a sparkling altar of Nemelex Xobeh.
  1445 | D:2      | Became a worshipper of Makhleb the Destroyer
  1445 | D:2      | Reached * piety under Makhleb
  1445 | D:2      | Reached ** piety under Makhleb
  1674 | D:2      | Noticed Terence
  1689 | D:2      | Killed Terence
  1925 | D:2      | Found a bloodstained altar of Trog.
  2300 | D:3      | Gained mutation: You regenerate magic rapidly. [demonic ancestry]
  2300 | D:3      | Reached XP level 6. HP: 49/49 MP: 9/9
  2971 | D:4      | You fall through a shaft for 3 floors!
  2982 | D:6      | Reached *** piety under Makhleb
  3148 | D:5      | Entered Level 5 of the Dungeon
  3326 | D:5      | Found an iron altar of Okawaru.
  3654 | D:4      | Noticed a slave
  3654 | D:4      | Noticed a slave
  3654 | D:4      | Noticed a slave
  3655 | D:4      | Noticed Pikel
  3661 | D:4      | Noticed a slave
  3670 | D:4      | Killed Pikel
  3670 | D:4      | Reached skill level 5 in Fighting
  3670 | D:4      | Reached skill level 5 in Dodging
  3670 | D:4      | Gained mutation: You have large cloven feet. [demonic ancestry]
  3670 | D:4      | Reached XP level 7. HP: 56/56 MP: 10/12
  4256 | D:4      | Gained mutation: You have hoof-like feet. [demonic ancestry]
  4256 | D:4      | Reached XP level 8. HP: 63/63 MP: 13/13
  4954 | D:5      | Reached **** piety under Makhleb
  5171 | D:6      | Found a glowing golden altar of the Shining One.
  5171 | D:6      | Found a glowing silver altar of Zin.
  5172 | D:6      | Found a white marble altar of Elyvilon.
  5215 | D:6      | Found an iron altar of Okawaru.
  5324 | D:6      | Reached skill level 5 in Spellcasting
  5515 | D:6      | Reached skill level 5 in Armour
  5892 | D:7      | Gained mutation: You are mostly covered in sharp spines. [demonic ancestry]
  5892 | D:7      | Reached XP level 9. HP: 71/71 MP: 16/16
  5993 | D:7      | Reached skill level 1 in Shields
  6055 | D:7      | Found a staircase to the Ecumenical Temple.
  6224 | D:7      | Found Faommot's General Store.
  6233 | D:7      | Bought a scroll of fog for 26 gold pieces
  6235 | D:7      | Bought an uncursed ring of positive energy for 260 gold pieces
  6679 | D:8      | Reached ***** piety under Makhleb
  6918 | D:8      | Gained mutation: You have a pair of horns on your head. [demonic ancestry]
  6918 | D:8      | Reached XP level 10. HP: 80/80 MP: 17/19
  7630 | D:9      | Noticed an elephant
  7653 | D:9      | Killed an elephant
  7672 | D:9      | Found a staircase to the Lair.
  7736 | D:9      | Reached skill level 5 in Shields
  7777 | D:9      | Learned a level 4 spell: Animate Dead
  7785 | D:9      | Reached skill level 1 in Necromancy
  8139 | D:10     | Entered Level 10 of the Dungeon
  8224 | D:10     | Reached skill level 1 in Axes
  8568 | D:10     | Reached XP level 11. HP: 74/86 MP: 18/21
  8590 | D:10     | Found a shattered altar of Ashenzari.
  8851 | D:7      | Bought an uncursed ring of protection from fire for 325 gold pieces
  8950 | D:11     | Found a staircase to the Orcish Mines.
  8950 | D:11     | Found Lustinn's Armour Emporium.
  8960 | D:11     | Reached ****** piety under Makhleb
  8994 | D:11     | Bought a +0 cloak for 72 gold pieces
  9031 | D:11     | Noticed a tengu warrior
  9047 | D:11     | Killed a tengu warrior
  9300 | D:11     | Noticed a deep elf mage
  9317 | D:11     | Killed a deep elf mage
  9317 | D:11     | Reached skill level 5 in Necromancy
  9593 | D:11     | Reached skill level 5 in Axes
  9675 | D:12     | Noticed a green ugly thing
  9682 | D:12     | Killed a green ugly thing
  9775 | D:12     | Got a crude scale mail
  9793 | D:12     | Identified the cursed +0 scale mail of Qazlal's Hatred {*Drain MR+ Regen+ Dex+2} (You found it on level 12 of the Dungeon)
 10099 | D:12     | Identified a scroll of acquirement
 10386 | D:13     | Noticed Urug
 10393 | D:13     | Reached XP level 12. HP: 93/93 MP: 22/22
 10400 | D:13     | Killed Urug
 10462 | D:13     | Found a frozen archway.
 10505 | IceCv    | Entered an ice cave
 10505 | IceCv    | Noticed Voda's ghost (journeyman OpAs)
 10523 | IceCv    | Killed Voda's ghost
 10818 | IceCv    | Noticed an ice dragon
 10822 | IceCv    | Noticed an ice dragon
 10839 | IceCv    | Killed an ice dragon
 10839 | IceCv    | Killed an ice dragon
 10901 | IceCv    | Got a coiled silver ring
 10924 | IceCv    | Identified the ring of Dezaz {rPois rF+ rC+ MP+9 SInv} (You found it in an ice cave)
 11182 | D:13     | Noticed a five-headed hydra
 11194 | D:13     | Killed a five-headed hydra
 11202 | D:13     | Noticed a five-headed hydra
 11208 | D:13     | Killed a five-headed hydra
 11208 | D:13     | Reached skill level 10 in Axes
 11601 | D:14     | Found a white marble altar of Elyvilon.
 11711 | D:14     | Noticed a vault guard
 11740 | D:14     | Killed a vault guard
 11835 | D:14     | Found a gate to the Vaults.
 12179 | D:14     | Noticed Maud
 12189 | D:14     | Killed Maud
 12189 | D:14     | Reached skill level 10 in Necromancy
 12189 | D:14     | Reached XP level 13. HP: 100/100 MP: 23/23
 12557 | D:15     | Entered Level 15 of the Dungeon
 12727 | D:15     | Noticed namelastname112's ghost (journeyman DrMo)
 13273 | D:15     | Found a staircase to the Depths.
 13273 | D:15     | Noticed a dire elephant
 13304 | D:15     | HP: 2/101 [dire elephant (21)]
 13440 | D:15     | Killed a dire elephant
 13598 | D:15     | Learned a level 4 spell: Control Undead
 13604 | D:15     | Learned a level 5 spell: Cigotuvi's Embrace
 13863 | Lair:1   | Entered Level 1 of the Lair of Beasts
 14314 | Lair:1   | Noticed Gastronok
 14460 | Lair:1   | Killed Gastronok
 14832 | Lair:1   | Upgraded the game from 0.18-a0-1683-gf9322e6 to 0.18-a0-1685-g4482fe3
 15116 | Lair:2   | Noticed Sonja
 15150 | Lair:2   | Cast into level 2 of the Abyss (Sonja)
 15188 | Abyss:2  | Noticed a starcursed mass
 15227 | Abyss:2  | Reached skill level 10 in Fighting
 15304 | Abyss:2  | Noticed a tentacled starspawn
 15322 | Abyss:2  | Killed a tentacled starspawn
 15354 | Lair:2   | Escaped the Abyss
 15370 | Lair:2   | Killed Sonja
 15553 | Lair:2   | Reached XP level 14. HP: 101/110 MP: 26/26
 15705 | Lair:2   | Got a smoking wooden ring
 16551 | Lair:3   | Found a staircase to the Shoals.
 16722 | Lair:3   | Identified the ring of the Heron {rN+ Stlth+} (You found it on level 2 of the Lair of Beasts)
 18628 | Lair:6   | Found a labyrinth entrance.
 18646 | Lab      | Entered a labyrinth
 19880 | Lab      | Identified Sif Muna's Almanac of Weightlessness
 19881 | Lab      | Got a faintly glowing battleaxe
 19881 | Lab      | Got a twisted scale mail
 19892 | Lab      | Identified a +0 pair of boots of running (You found it in a labyrinth)
 19913 | Lair:6   | Identified the cursed +1 scale mail of Withes {*Drain rC+++ Dex-5 Stlth+} (You found it in a labyrinth)
 19937 | Lair:6   | Identified the cursed +1 battleaxe "Veodas Vyu" {freeze, +Inv Int+3} (You found it in a labyrinth)
 19988 | Lair:6   | Found a glowing silver altar of Zin.
 20215 | Lair:6   | Found a staircase to the Snake Pit.
 20276 | Lair:6   | Found a staircase to the Slime Pits.
 20931 | Lair:7   | Gained mutation: You have sharp fingernails. [demonic ancestry]
 20931 | Lair:7   | Reached XP level 15. HP: 119/119 MP: 28/28
 21038 | Lair:7   | Reached skill level 10 in Armour
 21496 | Lair:8   | Entered Level 8 of the Lair of Beasts
 21870 | Lair:8   | Reached skill level 10 in Spellcasting
 23009 | D:15     | Killed namelastname112's ghost
 23352 | Orc:1    | Entered Level 1 of the Orcish Mines
 23353 | Orc:1    | Found Hiozob's General Store.
 23385 | Orc:1    | Bought 2 scrolls of immolation for 98 gold pieces
 23480 | Orc:2    | Entered Level 2 of the Orcish Mines
 23482 | Orc:2    | Found a staircase to the Elven Halls.
 23482 | Orc:2    | Noticed crauler's ghost (journeyman NaGl)
 23517 | Orc:2    | Killed crauler's ghost
 23617 | Orc:1    | Noticed Snorg
 23628 | Orc:1    | Killed Snorg
 23985 | Orc:2    | Noticed an orc warlord
 24038 | Orc:2    | Killed an orc warlord
 24165 | Orc:2    | Found Rustrosch's General Store.
 24166 | Orc:2    | Found Ojyi's Jewellery Shop.
 24169 | Orc:2    | Found Lozepun's Antique Armour Shop.
 24169 | Orc:2    | Found Huci's Antique Weapon Boutique.
 24174 | Orc:2    | Bought a scroll of identify for 26 gold pieces
 24174 | Orc:2    | Bought a cursed ring of teleportation for 58 gold pieces
 24174 | Orc:2    | Bought a scroll of fog for 26 gold pieces
 24174 | Orc:2    | Bought a scroll of recharging for 123 gold pieces
 24178 | Orc:2    | Bought a +6 amulet of reflection for 400 gold pieces
 24190 | Orc:2    | Bought a scorched broad axe for 234 gold pieces
 24191 | Orc:2    | Identified the +8 broad axe "Nirod" {chop, rN+} (You bought it in a shop on level 2 of the Orcish Mines)
 24636 | Elf:1    | Entered Level 1 of the Elven Halls
 24638 | Elf:1    | Noticed Nikola
 24672 | Elf:1    | Killed Nikola
 24753 | Elf:1    | Reached XP level 16. HP: 116/128 MP: 30/30
 25032 | Elf:1    | Reached skill level 10 in Shields
 25595 | Elf:1    | Identified the Guide on Supportive Attacks
 25846 | Elf:2    | Found a runed gate.
 25846 | Elf:2    | Found a runed gate.
 25846 | Elf:2    | Found a runed gate.
 25895 | Elf:2    | Found Tohyodd's Assorted Antiques.
 25908 | Elf:2    | Bought a potion of invisibility for 288 gold pieces
 25908 | Elf:2    | Bought a scroll of enchant weapon for 270 gold pieces
 25908 | Elf:2    | Bought a scroll of immolation for 126 gold pieces
 25908 | Elf:2    | Bought a scroll of recharging for 342 gold pieces
 25945 | Elf:2    | Noticed Louise
 25955 | Elf:2    | Killed Louise
 26319 | Elf:3    | Entered Level 3 of the Elven Halls
 26612 | Elf:3    | Noticed a deep elf blademaster
 26623 | Elf:3    | Killed a deep elf blademaster
 26659 | Elf:3    | Gained mutation: You expend magic power (3 MP) to strengthen your wands. [a cacodemon]
 26673 | Elf:3    | Noticed a Brimstone Fiend
 26674 | Elf:3    | Noticed a deep elf master archer
 26675 | Elf:3    | Noticed a deep elf master archer
 26681 | Elf:3    | Gained mutation: When low on magic, you restore magic in place of health. [demonic ancestry]
 26681 | Elf:3    | Reached XP level 17. HP: 124/137 MP: 24/32
 26683 | Elf:3    | Killed a deep elf master archer
 26685 | Elf:3    | Noticed a deep elf blademaster
 26689 | Elf:3    | Killed a deep elf master archer
 26846 | Elf:3    | Found a deep blue altar of Sif Muna.
 26927 | Elf:3    | Noticed Asterion
 26940 | Elf:3    | Killed Asterion
 27103 | Elf:3    | Got a fine cloak
 27114 | Elf:3    | Identified the +1 cloak "Zilibry" {*Drain rPois rN+++ MR-} (You acquired it on level 3 of the Elven Halls)
 27167 | Elf:3    | Killed a deep elf blademaster
 27254 | Elf:3    | Gained mutation: Your muscles are strong. (Str +2) [potion of beneficial mutation]
 27316 | Elf:3    | Noticed a Brimstone Fiend
 27506 | Elf:3    | Identified Duvauc's Papyrus of Bewitching Transformation
 27509 | Elf:3    | Got a pair of bloodstained gloves
 27510 | Elf:3    | Identified the +5 pair of gloves of Distant Worlds {MR++ Str+5} (You found it on level 3 of the Elven Halls)
 27661 | Elf:3    | Learned a level 3 spell: Vampiric Draining
 27665 | Elf:3    | Learned a level 3 spell: Regeneration
 27669 | Elf:3    | Got a scorched plate armour
 27670 | Elf:3    | Identified the +6 plate armour "Urphic" {rC+} (You found it on level 3 of the Elven Halls)
 27696 | Elf:3    | Identified the Almanac of Bodily Humours (You found it on level 3 of the Elven Halls)
 27701 | Elf:3    | Got a silken robe
 27702 | Elf:3    | Identified the cursed -5 robe of Misfortune {-Cast *Contam *Tele EV-4 Str-2 Int-2 Dex-2 Stlth-- *Curse} (You found it on level 3 of the Elven Halls)
 27742 | Elf:3    | Got a bloodstained spear {flame}
 27745 | Elf:3    | Identified the +7 spear "Guistrus" {flame, Str+7} (You took it off a deep elf annihilator on level 3 of the Elven Halls)
 27895 | Elf:3    | Reached skill level 1 in Conjurations
 28008 | Orc:2    | Bought the ring "Biotisim" {rElec rPois rC- Dex+6} for 633 gold pieces
 28417 | Snake:1  | Entered Level 1 of the Snake Pit
 28698 | Snake:1  | Found a flickering gateway to a bazaar.
 28717 | Bazaar   | Entered a bazaar
 28731 | Bazaar   | Found Patuhic's Armour Emporium.
 28731 | Bazaar   | Found Hiedosen's Jewellery Shoppe.
 28760 | Bazaar   | Found Zeggoq's Jewellery Emporium.
 28782 | Bazaar   | Found Ifeosm's Book Emporium.
 28782 | Bazaar   | Found Vuwnid's Antique Armour Shoppe.
 28803 | Bazaar   | Found Ideugic's Magic Scroll Emporium.
 28803 | Bazaar   | Found Yrghituf's General Store.
 28837 | Bazaar   | Bought a scroll of acquirement for 364 gold pieces
 28837 | Bazaar   | Bought a scroll of identify for 14 gold pieces
 28837 | Bazaar   | Bought a scroll of identify for 14 gold pieces
 28837 | Bazaar   | Bought a scroll of identify for 14 gold pieces
 28837 | Bazaar   | Bought a scroll of recharging for 66 gold pieces
 28837 | Bazaar   | Bought a scroll of fear for 24 gold pieces
 28837 | Bazaar   | Bought a scroll of identify for 14 gold pieces
 28837 | Bazaar   | Bought a scroll of fear for 24 gold pieces
 28837 | Bazaar   | Bought a scroll of enchant armour for 52 gold pieces
 28889 | Bazaar   | Bought a cursed amulet of inaccuracy for 20 gold pieces
 29063 | Snake:1  | Reached skill level 5 in Conjurations
 29357 | Snake:2  | Noticed Frances
 29372 | Snake:2  | Killed Frances
 29442 | Snake:2  | Found Lyom's Distillery.
 29458 | Snake:2  | Bought a potion of agility for 72 gold pieces
 29458 | Snake:2  | Bought a potion of agility for 72 gold pieces
 29458 | Snake:2  | Bought 2 potions of curing for 108 gold pieces
 29458 | Snake:2  | Bought a potion of might for 72 gold pieces
 29539 | Snake:2  | Reached skill level 10 in Conjurations
 29809 | Snake:4  | Entered Level 4 of the Snake Pit
 30181 | Snake:4  | Gained mutation: You have very sharp fingernails. [demonic ancestry]
 30181 | Snake:4  | Reached XP level 18. HP: 144/145 MP: 34/34
 30459 | Snake:4  | Found a shimmering altar of Xom.
 30766 | Snake:4  | Got a serpentine rune of Zot
 31085 | Shoals:1 | Entered Level 1 of the Shoals
 31187 | Shoals:1 | Reached skill level 1 in Invocations
 31414 | Shoals:3 | Found an oddly glowing altar of Pakellas.
 31488 | Shoals:3 | Reached skill level 5 in Invocations
 31602 | Shoals:4 | Entered Level 4 of the Shoals
 31749 | Shoals:4 | Killed from afar by a water nymph

Vault maps used:
D:1:      dpeg_arrival_tiny_a
D:2:      overflow_temple_1_default, grunt_temple_overflow_open,
          grunt_pakellas_sulfur, uniq_sigmund, uniq_terence
D:3:      grunt_ministairs_7
D:4:      uniq_pikel
D:5:      first_bread, okawaru_metal_pillars_3
D:6:      good_gods_mini_temple, lemuel_doored_altar, st_stairs_5
D:7:      minmay_temple_entry_hall, serial_shops, shop, grunt_ogre_cave,
          minmay_misc_feat_x, minmay_mini_ossuary
D:9:      david_lair_generic, kennysheep_generic_room_3
D:10:     basic_altar
D:11:     orc_david_3
D:13:     portal_ice_cave_entry_imps, uniq_urug
D:14:     david_vaults_5, hangedman_abyss_or_decor_passed, elyvilon_altar_4,
          uniq_maud
D:15:     hangedman_depths_entry_try_elsewhere_first, worms_lemuel
Lair:1:   st_stairs_7, grunt_megastairs_2, uniq_gastronok
Lair:2:   minmay_stone_trees_small, lemuel_fruit_tree, uniq_sonja
Lair:3:   minmay_shoals_entry_hut, beast_lair_carwin_7, grunt_megastairs_3
Lair:4:   serial_bayou_shore_b
Lair:6:   minmay_snake_entry_spellcaster, nicolae_slime_entry_slimehenge,
          nicolae_volcano_entry_batcave, lab_entry_generic, st_stairs_9,
          minivault_23, lemuel_centaur_altar
Lair:7:   beast_lair_carwin_8, lemuel_fruit_fields
Lair:8:   minmay_lair_end_frog_pond, nicolae_quartered_pool_super
Shoals:3: lemuel_oklob_altar
Shoals:4: shoals_end_hangedman, shoals_ilsuiw_alternative,
          nicolae_shoals_cliffside_cave
Snake:1:  serial_shops, bzr_entry_dummy
Snake:2:  serial_shops, nicolae_shop_competitors_out_of_business, uniq_frances
Snake:3:  grunt_megastairs_1
Snake:4:  grunt_snake_rune_serpentine_throne, basic_altar, serial_bayou_shore_a
Orc:1:    serial_shops, shop, uniq_snorg
Orc:2:    st_orc_congregation
Elf:1:    eino_elf_arrival_sip, minmay_elf_sorcery, uniq_nikola
Elf:2:    serial_shops, nicolae_shop_trees, uniq_louise
Elf:3:    grunt_elf_hall_diamonds, lemuel_blue_sif_altar, uniq_asterion
Lab:      nicolae_lab_starburst, nicolae_lab_x, nicolae_lab_hexagon
Bazaar:   bazaar_long_row
IceCv:    ice_cave_small_dragons

Skill      XL: |  1  2  3  4  5  6  7  8  9 10 11 12 13 14 15 16 17 18 |
---------------+-------------------------------------------------------+-----
Dodging        | 3 4 5 6 |  6.2
Fighting       | 4 5 6 7 8 9 10 11 12 13 14 | 14.5
Armour         | 1 2 3 5 6 7 8 9 10 11 12 | 12.8
Spellcasting   | 1 2 3 5 6 7 8 9 10 11 12 | 12.8
Shields        | 3 5 7 8 9 10 11 12 | 12.1
Necromancy     | 4 7 10 | 10.5
Axes           | 2 8 10 11 12 13 14 | 14.6
Conjurations   | 11 | 11.7
Invocations    | 6 |  6.9
Stealth        | |  1.7
Unarmed Combat | |  3.6

Action                   |  1- 3 |  4- 6 |  7- 9 | 10-12 | 13-15 | 16-18 || total
-------------------------+-------+-------+-------+-------+-------+-------++-------
Melee: Unarmed           |    72 |    68 |       |       |       |       ||   140
       Hand axe          |       |    40 |       |       |       |       ||    40
       Whip              |       |       |    28 |     8 |    51 |     3 ||    90
       War axe           |       |       |   158 |   477 |  1188 |   212 ||  2035
       Broad axe         |       |       |       |       |       |   759 ||   759
 Fire: Blowgun           |       |       |       |       |    41 |       ||    41
Throw: Throwing net      |       |     1 |       |     3 |     2 |       ||     6
       Javelin           |       |       |       |       |     3 |       ||     3
 Cast: Animate Dead      |       |       |       |     1 |    43 |    72 ||   116
       Cigotuvi's Embrac |       |       |       |       |       |     4 ||     4
       Vampiric Draining |       |       |       |       |       |     3 ||     3
       Regeneration      |       |       |       |       |       |     1 ||     1
Evoke: Wand              |       |       |       |     6 |    32 |    10 ||    48
       Stone of tremors  |       |       |       |     2 |     3 |     1 ||     6
       Lamp of fire      |       |       |       |     1 |     2 |     1 ||     4
       Phial of floods   |       |       |       |       |     2 |     1 ||     3
       Sack of spiders   |       |       |       |       |     9 |       ||     9
       Deck              |       |       |       |       |       |     8 ||     8
       Box of beasts     |       |       |       |       |       |     5 ||     5
  Use: Scroll            |     5 |     9 |     9 |     9 |    20 |    14 ||    66
       Potion            |     2 |     1 |       |     6 |    16 |     7 ||    32
 Stab: Sleeping          |     4 |       |       |       |       |       ||     4
       Held in net/web   |       |       |       |     5 |     1 |       ||     6
       Invisible         |       |       |       |     5 |    18 |     1 ||    24
       Distracted        |       |       |       |     1 |    13 |    14 ||    28
  Eat: Chunk             |     1 |     8 |    12 |    21 |    17 |    10 ||    69
       Fruit             |       |       |       |       |    14 |     9 ||    23
       Pizza             |       |       |       |       |     2 |     1 ||     3
       Royal jelly       |       |       |       |       |     1 |       ||     1
       Beef jerky        |       |       |       |       |    11 |     2 ||    13
       Bread ration      |       |       |       |       |       |     2 ||     2
